Map: Honorgrounds LE

Players

Musumeci - Winner!

  • Race: Zerg Zerg
  • League: Diamond
  • Spawn Location: 5:00

MichyMoko

  • Race: Zerg Zerg
  • Spawn Location: 1:00

VOD

Have the link to the VOD?

Description

Time

  • Played on: March 19, 2017, 9:10 a.m.
  • Length: 6:18
Show
View Real Time Build Order
Export as new Build Order

Musumeci Zerg - Winner!

Build Orders: Hatch First 

Get SALT Encoding   

  12  0:07  Drone  
  12  0:08  Drone  
  14  0:18  Drone, Extractor  
  15  0:40  Hatchery  
  14  0:45  Extractor  
  14  0:46  Drone  
  15  1:04  Evolution Chamber  
  15  1:09  Spawning Pool  
  13  1:12  Drone  
  14  1:21  Overlord  
  14  1:25  Extractor  
  13  1:32  Evolution Chamber  
  14  1:42  Drone x3  
  17  1:56  Queen  
  19  2:04  Zergling x8  
  23  2:14  Drone  
  24  2:15  Extractor  
  24  2:24  Drone  
  24  2:25  Drone, Extractor  
  24  2:29  Drone  
  26  2:31  Metabolic Boost  
  26  2:54  Zergling x6, Baneling Nest  
  26  2:57  Overlord  
  25  3:13  Zergling x6  
  25  3:19  Zergling x6  
  31  3:20  Zergling x2  
  31  3:41  Zergling x2  
  31  3:42  Zergling x8  
  32  4:03  Zergling x8  
  32  4:09  Baneling  
  35  4:20  Baneling x2  
  29  4:39  Baneling  
  29  4:40  Baneling  
  25  4:56  Zergling x12  
  25  4:57  Zergling x2  
  29  5:05  Zergling x2  
  29  5:09  Queen  
  29  5:11  Drone  
  29  5:12  Drone  
  33  5:23  Zergling x4  
  35  5:29  Evolution Chamber  
  35  5:33  Zergling x4  
  36  5:44  Overlord  
  35  5:59  Zergling x4  
Show
View Real Time Build Order
Export as new Build Order

MichyMoko Zerg 

Build Orders: Pool First 

Get SALT Encoding   

  12  0:01  Drone  
  13  0:14  Overlord  
  13  0:17  Drone  
  14  0:32  Drone x2  
  16  0:36  Drone  
  17  0:47  Spawning Pool  
  16  0:50  Drone  
  16  0:54  Extractor  
  16  1:00  Drone  
  17  1:23  Hatchery  
  16  1:29  Drone  
  17  1:59  Queen  
  17  2:00  Zergling x2  
  17  2:01  Zergling x2  
  21  2:02  Drone  
  22  2:25  Metabolic Boost  
  22  2:27  Overlord x2  
  22  2:32  Roach Warren  
  21  2:50  Zergling x8  
  25  3:02  Zergling x4  
  25  3:10  Queen  
  25  3:26  Queen  
  25  3:30  Overlord  
  25  3:51  Zergling x10  
  30  4:02  Zergling x4  
  28  4:24  Roach x4  
  31  4:40  Roach x2  
  31  4:41  Roach  
  19  5:08  Drone x3  
  22  5:17  Drone  
  23  5:30  Drone  
  24  5:39  Drone  
  25  5:58  Drone  
  25  5:59  Drone x2  
Tags
 
League
Diamond
Matchup
ZvZ
Race
Zerg
Replay Pack
replay pack
Spawn Locations
Close Positions
Add a new tag
Caveats
  • Supply blocks, unpowered buildings, or Contaminate may cause inaccurate times.
  • Supply counts are checked every 10 seconds.